 Dungeon Crawl Stone Soup version 0.21.1-1-g345015f (webtiles) character file.

12 poirepourri the Insei (level 2, 0/18 HPs)
             Began as an Octopode Transmuter on July 15, 2018.
             Succumbed to an adder's poison
             ... on level 1 of the Dungeon.
             The game lasted 00:00:42 (719 turns).

poirepourri the Insei (Octopode Transmuter)          Turns: 719, Time: 00:00:43

Health: 0/18       AC:  3    Str:  9    XL:     2   Next: 33%
Magic:  5/5        EV: 13    Int: 15    God:
Gold:   12         SH:  0    Dex: 12    Spells: 4/5 levels left

rFire    . . .     SeeInvis .     - Unarmed
rCold    . . .     Gourm    .   (no shield)
rNeg     . . .     Faith    .   (helmet restricted)
rPois    .         Spirit   .   (no amulet)
rElec    .         Reflect  .   (no ring)
rCorr    .         Harm     .   (no ring)
MR       .....     Clarity  +   (no ring)
Stlth    ++........             (no ring)
HPRegen  0.06/turn              (no ring)
MPRegen  0.09/turn              (no ring)
                                (no ring)
                                (no ring)

@: lethally poisoned (0 -> -7), very slightly contaminated
A: almost no armour, stealthy swim, amphibious, 8 rings, constrict 8, beak,
molten scales 1, camouflage 1, clarity, gelatinous body 1
a: no special abilities


You were on level 1 of the Dungeon.
You were not hungry.

You visited 1 branch of the dungeon, and saw 2 of its levels.

You collected 12 gold pieces.

Inventory:

Missiles
 a - 12 arrows
Books
 b - a book of Changes

   Spells                             Type                      Level
   a - Beastly Appendage              Transmutation                1
   b - Sticks to Snakes               Transmutation                2
   c - Spider Form                    Transmutation/Poison         3
   d - Ice Form                       Ice/Transmutation            4
   e - Blade Hands                    Transmutation                5
Comestibles
 c - 2 rations


   Skills:
 - Level 1.0 Fighting
 - Level 2.0 Dodging
 + Level 3.7 Unarmed Combat
 - Level 2.0 Spellcasting
 - Level 2.0 Transmutations


You had 4 spell levels left.
You knew the following spells:

 Your Spells              Type           Power        Failure   Level  Hunger
a - Beastly Appendage     Tmut           #.....       10%         1    #......


Dungeon Overview and Level Annotations

Branches:
Dungeon (2/15)

Altars:


Innate Abilities, Weirdness & Mutations

You cannot wear most types of armour.
You are very stealthy in the water. (Stealth+)
You are amphibious.
You can wear up to eight rings at the same time.
You can use your tentacles to constrict eight enemies at once.
Your skin changes colour to match your surroundings (Stealth+).
Your rubbery body absorbs attacks. (AC +1, EV +1)
You have a beak for a mouth.
You are partially covered in molten scales. (AC +2)
You possess an exceptional clarity of mind.


Message History

The hobgoblin shouts!
The adder moves out of view.
Unknown command.
The hobgoblin hits you with a club.
* * * LOW HITPOINT WARNING * * *
There is an escape hatch in the ceiling here.
The adder bites you.
* * * LOW HITPOINT WARNING * * *
You are lethally poisoned!
The adder poisons you! The adder barely misses you.
A mysterious force pulls you upwards. The hatch slams shut behind you.
* * * LOW HITPOINT WARNING * * *
You feel sick.
Unknown command.
Unknown command.
It was a potion of mutation.
You feel extremely strange.
Molten scales grow over part of your body.
Your thoughts seem clearer.
Your mouth lengthens and hardens into a beak!
You die...

#....##..........
##.†..'.....######
......############ ..
......#....÷.....# #+#..
......#..........#####...#
#####.#..................#
...............#.........##
...............#...).......
................@..÷.......
..#.............gS÷........
...........###.............
...........# #.............
.........÷#######..........
#####.#.#...#####..........
##.............##......♣...
...............##......P♣..
...............#...........


You could see an adder and a hobgoblin.

Vanquished Creatures
  2 leopard geckos (D:1)
  2 bats (D:1)
  3 hobgoblins (D:1)
  A ball python (D:2)
  A rat (D:1)
9 creatures vanquished.

Notes
Turn   | Place    | Note
-------+----------+-------------------------------------------
     0 | D:1      | poirepourri the Octopode Transmuter began the quest for the Orb.
     0 | D:1      | Reached XP level 1. HP: 13/13 MP: 3/3
   461 | D:1      | Reached XP level 2. HP: 11/18 MP: 5/5
   699 | D:1      | You fall through a shaft!
   719 | D:1      | Gained mutation: You are partially covered in molten scales. (AC +2) [potion of mutation]
   719 | D:1      | Gained mutation: You possess an exceptional clarity of mind. [potion of mutation]
   719 | D:1      | Gained mutation: You have a beak for a mouth. [potion of mutation]
   719 | D:1      | Succumbed to an adder's poison

Action                   || total
-------------------------++-------
Melee: Unarmed           ||    29
       Constrict         ||     7
       Tentacles         ||     2
  Use: Scroll            ||     4
       Potion            ||     1
 Stab: Sleeping          ||     3
Armor: Skin              ||     6
Dodge: Dodged            ||    29
